 Dungeon Crawl Stone Soup version 0.27-a0-1140-g099f9bb0e8 (webtiles) character file.

Game seed: 17041021439109760290

555 Zeld the Chucker (level 7, -1/47 HPs)
             Began as an Octopode Fighter on May 9, 2021.
             Slain by a gnoll
             ... wielding a +0 halberd
              (6 damage)
             ... on level 4 of the Dungeon.
             The game lasted 00:07:39 (7629 turns).

Zeld the Chucker (Octopode Fighter)                 Turns: 7629, Time: 00:07:39

Health: -1/47      AC:  1    Str: 18    XL:     7   Next: 30%
Magic:  7/7        EV: 11    Int: 10    God:
Gold:   154        SH:  9    Dex: 11    Spells: 6/6 levels left

rFire    . . .     SeeInvis .   a - +0 war axe
rCold    . . .     Faith    .   b - +0 kite shield
rNeg     . . .     Spirit   .   (helmet restricted)
rPois    .         Reflect  .   (no amulet)
rElec    .         Harm     .   m - ring of wizardry
rCorr    .         Rampage  .   (no ring)
Will     .....                  (no ring)
Stlth    ++........             (no ring)
HPRegen  0.15/turn              (no ring)
MPRegen  0.10/turn              (no ring)
                                (no ring)
                                (no ring)

@: no status effects
A: almost no armour, amphibious, 8 rings, camouflage 1, gelatinous body 1,
(nimble swimmer 1), tentacles
a: no special abilities


You were on level 4 of the Dungeon.
You visited 1 branch of the dungeon, and saw 4 of its levels.

You collected 154 gold pieces.

Inventory:

Hand Weapons
 a - a +0 war axe (weapon)
Missiles
 f - 13 poisoned darts (quivered)
Armour
 b - a +0 kite shield (worn)
Jewellery
 m - a ring of wizardry (left tentacle)
Wands
 q - a wand of digging (7)
 s - a wand of polymorph (3)
Scrolls
 e - a scroll of enchant weapon {unknown}
 i - 4 scrolls of noise {unknown}
 l - a scroll of torment {unknown}
 n - 2 scrolls of identify {unknown}
 o - a scroll of magic mapping {unknown}
 p - a scroll of fog {unknown}
 r - a scroll of fear {unknown}
Potions
 c - a potion of might
 d - a potion of haste {unknown}
 g - 2 potions of flight {unknown}
 h - a potion of invisibility {unknown}
 j - a potion of brilliance {unknown}
 k - 3 potions of attraction {unknown}
 t - a potion of curing {unknown}
 u - a potion of degeneration {unknown}
 v - a potion of berserk rage {unknown}


   Skills:
 * Level 3.8 Fighting
 * Level 3.2 Axes
 - Level 6.0 Throwing
 - Level 3.0 Dodging
 * Level 3.8 Shields


You had 6 spell levels left.
You didn't know any spells.
Your spell library contained the following spells:

 Spells                   Type           Power      Damage    Failure   Level
 Summon Small Mammal      Summ           0%         N/A       52%         1
 Call Imp                 Summ           0%         N/A       65%         2
 Call Canine Familiar     Summ           0%         N/A       86%         3
 Summon Guardian Golem    Hex/Summ       0%         N/A       86%         3
 Summon Ice Beast         Ice/Summ       0%         N/A       99%         4
 Summon Lightning Spire   Summ/Air       0%         N/A       99%         4


Dungeon Overview and Level Annotations

Branches:
Dungeon (4/15)
 Temple: D:4-7

Altars:
Fedhas


Innate Abilities, Weirdness & Mutations

You cannot wear most types of armour.
You are amphibious.
You can wear up to eight rings at the same time.
Your skin changes colour to match your surroundings (Stealth+).
Your rubbery body absorbs attacks. (AC +1, EV +1)
((You are camouflaged near water. (Stealth+)))
You have tentacles for arms and can constrict up to eight enemies at once.


Message History

You closely miss the adder.
The gnoll shouts!
Your grab misses the adder. Your squeeze misses the adder.
You barely miss the gnoll. The gnoll hits you with a +0 spear!
You block the adder's attack.
A gnoll comes into view. It is wielding a +0 club.
The gnoll barely misses you. The adder misses you. The gnoll barely misses you.
The adder barely misses you.
You barely miss the adder. You grab the adder. You constrict the adder.
The adder closely misses you. The gnoll closely misses you.
The adder bites you.
You are poisoned.
The adder poisons you!
You release your grip on the adder.
You feel sick.
You closely miss the adder. Your grab misses the adder.
Your squeeze misses the adder.
The adder is moderately wounded.
You feel sick. The adder closely misses you. You block the gnoll's attack.
The adder closely misses you. You block the adder's attack.
You barely miss the adder. Your grab misses the adder. You squeeze the adder.
The adder is heavily wounded.
You feel sick. You block the adder's attack.
The gnoll hits you from afar with a +0 halberd!
You block the adder's attack.
Unknown command.
You closely miss the adder. Your grab misses the adder.
The adder is heavily wounded.
You feel sick.
You are no longer poisoned.
You block the gnoll's attack. You block the adder's attack.
The adder bites you.
The gnoll hits you from afar with a +0 halberd!
* * * LOW HITPOINT WARNING * * *
You block the adder's attack.
You hit the adder. Your grab misses the adder.
The adder is almost dead.
You block the adder's attack.
The gnoll hits you from afar with a +0 halberd.
You die...

######### ### #.......# ..#
#.#####.# ##.#######.# #.#
..........#####.######
#.#####.ggS@.........#
##>###.#####.#######(####.#
....†)..g.g..# #.# #.#
...###.####### #.# #.#
........# #.# #.# ......g.#
#.# #.# ##.##...# #.# #.# #
##... #.# #.# #.### #.# #.#


You could see 2 gnolls and an adder.

Vanquished Creatures
  A centaur (D:3)
  A water moccasin skeleton (D:4)
  3 wights (D:3)
  Jessica (D:2)
  Terence (D:2)
  An orc wizard (D:3)
  Natasha (thrice) (D:3)
  4 gnolls
  4 adders
  2 worms
  A dart slug (D:1)
  5 orcs
  4 ball pythons
  3 endoplasms (D:1)
  2 giant cockroaches
  8 goblins
  5 hobgoblins
  5 jackals (D:2)
  6 kobolds
  2 quokkas
  8 bats
  A frilled lizard (D:2)
  8 rats
79 creatures vanquished.

Vanquished Creatures (others)
  3 plants (D:2)
3 creatures vanquished.

Grand Total: 82 creatures vanquished

Notes
Turn   | Place    | Note
-------+----------+-------------------------------------------
     0 | D:1      | Zeld the Octopode Fighter began the quest for the Orb.
     0 | D:1      | Reached XP level 1. HP: 16/16 MP: 1/1
   241 | D:1      | Reached XP level 2. HP: 21/21 MP: 2/2
   276 | D:1      | Reached skill level 1 in Throwing
   645 | D:1      | Found a faded altar of an unknown god.
   877 | D:1      | Reached XP level 3. HP: 20/26 MP: 3/3
   998 | D:1      | Reached skill level 2 in Throwing
  1363 | D:2      | Noticed Jessica
  1368 | D:2      | Killed Jessica
  1369 | D:2      | Reached skill level 3 in Throwing
  1369 | D:2      | Reached XP level 4. HP: 31/31 MP: 4/4
  1770 | D:2      | Noticed Terence
  1780 | D:2      | Killed Terence
  2140 | D:2      | Reached skill level 4 in Throwing
  2424 | D:3      | Reached XP level 5. HP: 29/36 MP: 5/5
  3361 | D:3      | Noticed Natasha
  3482 | D:3      | Killed Natasha
  3570 | D:3      | Noticed Natasha
  3754 | D:3      | Killed Natasha
  3755 | D:3      | Reached skill level 5 in Throwing
  5114 | D:3      | Reached XP level 6. HP: 17/42 MP: 6/6
  5928 | D:3      | Noticed Natasha
  5939 | D:3      | Killed Natasha
  5940 | D:3      | Reached skill level 6 in Throwing
  7165 | D:3      | Reached XP level 7. HP: 25/42 MP: 7/7
  7555 | D:4      | Found a blossoming altar of Fedhas.
  7629 | D:4      | Slain by a gnoll

Illustrated notes

Levels and vault maps discovered:
D:1:      amcnicky_arrival_blooded_trapdoor, layout_basic,
          shapermc_ecumenical_altar_mp_urbaneastern
D:2:      layout_loops_ring, serial_bayou_lagoon_a, amethyst_killhole,
          supply_closet_lemuel, grunt_ministairs_1, uniq_jessica, uniq_terence
D:3:      layout_basic, portal_sewer_entry_a, minmay_misc_feat_diagonals,
          uniq_natasha
D:4:      layout_loops_ring, lemuel_doored_altar

Skill      XL: |  1  2  3  4  5  6  7 |
---------------+----------------------+-----
Throwing       | 1 3 4 5 6 |  6.0
Axes           | 3 |  3.2
Fighting       | |  3.8
Dodging        | |  3.0
Shields        | |  3.8

Action                   |  1- 3 |  4- 6 |  7- 9 || total
-------------------------+-------+-------+-------++-------
Melee: War axe           |    46 |   102 |    16 ||   164
       Tentacles         |    10 |    17 |     4 ||    31
       Constrict         |     8 |    29 |     3 ||    40
Throw: Dart              |     1 |    24 |       ||    25
Evoke: Wand              |       |     1 |       ||     1
  Use: Scroll            |       |     1 |       ||     1
 Stab: Sleeping          |     7 |     4 |       ||    11
Armor: Skin              |     3 |     4 |       ||     7
Dodge: Dodged            |    20 |    57 |    12 ||    89
Block: Kite shield       |    20 |    57 |    13 ||    90

Table legend: (Time is in decaauts)
 A = Elapsed time spent in this place.
 B = Non-inter-level travel time spent in this place.
 C = Inter-level travel time spent in this place.
 D = Time resting spent in this place.
 E = Time spent auto-exploring this place.
 F = Levels seen in this place.
 G = Mean time per level.
                   A        B        C        D        E       F      G
               +--------+--------+--------+--------+--------+-----+--------+
         Total |   7742 |   7400 |    342 |   1791 |   4392 |   4 | 1935.5 |
       Dungeon |   7742 |   7400 |    342 |   1791 |   4392 |   4 | 1935.5 |
               +--------+--------+--------+--------+--------+-----+--------+

Top non-repeatable levels by time:
     D:3: 2908 daAuts
     D:2: 2853 daAuts
     D:1: 1801 daAuts
     D:4: 179 daAuts
